 Dungeon Crawl Stone Soup version 0.31-a0-1074-g0b22e4e0f1 (webtiles) character file.

Game seed: 16650591082203695657

21621 BigPumpCobain the Spear-Bearer (level 12, -6/97 HPs)
             Began as a Demonspawn Fighter on Dec 8, 2023.
             Was a High Priest of Qazlal.
             Mangled by a death yak (14 damage)
             ... led by a torpor snail
             ... on level 2 of the Lair of Beasts.
             The game lasted 00:23:51 (10195 turns).

BigPumpCobain the Spear-Bearer (DsFi)              Turns: 10195, Time: 00:23:52

Health: -6/97      AC: 14    Str: 21    XL:     12   Next: 55%
Magic:  15/15      EV: 10    Int: 21    God:    Qazlal [*****.]
Gold:   571        SH: 16    Dex: 12    Spells: 11/11 levels left

rFire   . . .        b - +2 trident (drain)
rCold   + . .        c - +3 buckler
rNeg    . . .        j - +4 ring mail of Generosity {rC+}
rPois   .            (no helmet)
rElec   .            (no cloak)
rCorr   .            (no gloves)
SInv    .            (no boots)
Will    .....        g - amulet of regeneration
Stlth   +            q - +6 ring of intelligence
HPRegen 1.16/turn    (no ring)
MPRegen 0.14/turn

%: repel missiles
@: about to teleport, protected from physical damage, slowed, very slow
A: hooves 2, demonic guardian 1, big brain 2
a: Renounce Religion, Upheaval, Elemental Force, Disaster Area


You were on level 2 of the Lair of Beasts.
You worshipped Qazlal.
Qazlal was extremely pleased with you.
You visited 2 branches of the dungeon, and saw 12 of its levels.
You also visited: Sewer and Bailey.

You collected 571 gold pieces.

Inventory:

Hand Weapons
 a - a +0 trident of flaming
 b - a +2 trident of draining (weapon)
 p - a +0 glaive
 H - a +2 antimagic spear
Missiles
 K - a throwing net
Armour
 c - a +3 buckler (worn)
 j - the +4 ring mail of Generosity (worn) {rC+}
   (You found it on level 2 of the Dungeon)

   rC+:       It protects you from cold.
Jewellery
 g - an amulet of regeneration (around neck)
 q - a +6 ring of intelligence (left hand)
 u - an amulet of magic regeneration
 G - a ring of ice
 L - a +4 ring of protection
 M - a ring of magical power
Talismans
 E - a maw talisman
Wands
 m - a wand of polymorph (4)
 z - a wand of flame (10)
 C - a wand of digging (11)
 D - a wand of acid (3)
 F - a wand of iceblast (13)
 I - a wand of charming (10)
Scrolls
 d - a scroll of vulnerability
 e - 2 scrolls of silence
 i - 3 scrolls of fog
 k - a scroll of teleportation
 n - 3 scrolls of brand weapon
 o - a scroll of amnesia
 r - 2 scrolls of poison
 s - 5 scrolls of blinking
 v - a scroll of enchant armour
 w - 2 scrolls of identify
 y - a scroll of summoning
 B - 6 scrolls of fear
Potions
 f - a potion of enlightenment
 h - a potion of mutation
 l - a potion of ambrosia
 t - a potion of degeneration
 x - a potion of magic
 A - 2 potions of curing
 J - a potion of resistance


   Skills:
 + Level 9.9 Fighting
 * Level 12.3 Polearms
 + Level 9.1 Armour
 + Level 9.0 Shields
 + Level 5.2 Invocations


You had 11 spell levels left.
You didn't know any spells.
Your spell library contained the following spells:

 Spells                   Type           Power      Damage    Failure   Level
 Kiss of Death            Conj/Necr      0%         2d5       32%         1
 Magic Dart               Conj           0%         1d3       32%         1
 Necrotise                Necr           0%         1d4       32%         1
 Call Imp                 Summ           0%         N/A       43%         2
 Confusing Touch          Hex            0%         N/A       67%         3
 Dazzling Flash           Conj/Hex       0%         N/A       67%         3
 Mephitic Cloud           Conj/Pois/Air  0%         N/A       67%         3
 Vampiric Draining        Necr           0%         2d6       67%         3
 Animate Armour           Summ/Erth      0%         N/A       97%         4
 Dispel Undead            Necr           0%         3d6       97%         4
 Summon Lightning Spire   Summ/Air       0%         N/A       97%         4
 Vhi's Electric Charge    Tloc/Air       0%         N/A       97%         4
 Agony                    Necr           0%         N/A       100%        5
 Arcjolt                  Conj/Air       0%         1d10      100%        5
 Iskenderun's Battlesphe  Conj           0%         2d6       100%        5
 Lee's Rapid Deconstruct  Erth           0%         3d4*      100%        5
 Silence                  Hex/Air        0%         N/A       100%        5
 Bombard                  Conj/Erth      0%         9d1       100%        6
 Plasma Beam              Fire/Air       0%         2x1d10    100%        6
 Spellforged Servitor     Conj/Summ      0%         N/A       100%        7


Dungeon Overview and Level Annotations

Branches:
Dungeon (10/15)            Temple (0/1) D:6            Lair (2/5) D:9
    Orc (0/2) D:10          Sewer (visited)          Bailey (visited)
  Swamp: Lair:2-3    Shoals: Lair:2-3     Snake: Lair:2-3    Spider: Lair:2-3

Altars:
Cheibriados
Hepliaklqana
Makhleb
Nemelex Xobeh
Qazlal
Trog
Vehumet
Xom
Yredelemnul

Annotations:
D:1 2 runed translucent doors


Innate Abilities, Weirdness & Mutations

You have hoof-like feet.
A weak demonic guardian rushes to your aid.
You have an extremely huge brain. (Int +4)


Message History

The death yak closely misses you. The wolf barely misses you.
The wolf bites you but does no damage. x2
The spriggan hits you with a +0 rapier.
You hit the death yak. You drain the death yak.
You kick the death yak, but do no damage.
The death yak is lightly wounded.
You block the wolf's attack. x2; The wolf bites you but does no damage. x2
The death yak gores you but does no damage.
The wolf barely misses you. x3; The wolf bites you but does no damage.
The spriggan hits you with a +0 rapier.
You barely miss the death yak.
The death yak is lightly wounded.
You block the wolf's attack.
The wolf is engulfed in freezing vapours.
You block the wolf's attack. The wolf bites you!
You feel more protected from physical attacks.
The wolf bites you.
* * * LOW HITPOINT WARNING * * *
You feel more protected from physical attacks.
The death yak gores you!
* * * LOW HITPOINT WARNING * * *
A demonic guardian appears!
The death yak barely misses you.
The polar bear barely misses your hellwing.
The polar bear claws your hellwing but does no damage.
The polar bear closely misses your hellwing.
The water moccasin is engulfed in blazing flames.
The water moccasin barely misses you. The wolf bites you.
* * * LOW HITPOINT WARNING * * *
The wolf is engulfed in freezing vapours.
The wolf barely misses you. The wolf bites you but does no damage.
The wolf barely misses you. The spriggan hits you with a +0 rapier.
* * * LOW HITPOINT WARNING * * *
The black bear bites your hellwing but does no damage.
The black bear claws your hellwing but does no damage.
The black bear barely misses your hellwing.
The death yak gores you.
* * * LOW HITPOINT WARNING * * *
You feel more protected from physical attacks.
The death yak gores you!
You die...

. #...P #. #...# . #.#
P...# .. #..## ##...#
... ##.#.####....#.#P.
#........☼°°...... #
#........hhih..... ###
#.......°h@S4h....
#.#####.......§hYY°.....
..............○.h°...###
.##..#...†#####....w.#
..# #...## ###....# .#
##..P# P...# .#####...##
.....# ..#..#P...#
#..... ..........#


You could see 2 death yaks, a torpor snail, a polar bear, a water moccasin, a
black bear, a spriggan (ally target), 5 wolves and a friendly hellwing
(summoned).

Vanquished Creatures
  Harold (Lair:1)
  Fannar (D:10)
  2 two-headed ogres
  A lindwurm (Lair:1)
  Pikel (D:7)
  3 black mambas (Lair:2)
  2 elephants (D:9)
  7 cane toads
  Jeremiah (D:8)
  3 komodo dragons
  Psyche (D:9)
  2 polar bears
  2 trolls (D:10)
  Grinder (D:4)
  2 hornets (D:9)
  5 blink frogs
  A wraith (D:10)
  4 wyverns
  30 yaks
  A basilisk (Lair:2)
  A steam dragon (D:8)
  An acid dragon (D:8)
  3 water moccasins (Lair:1)
  6 orc warriors
  4 black bears
  3 wolves (Lair:2)
  An ogre (D:6)
  3 centaurs
  2 kobold brigands
  13 bullfrogs
  3 gnoll sergeants
  5 scorpions
  10 wights (D:7)
  7 killer bees
  A howler monkey (D:9)
  A crimson imp (D:6)
  4 hounds
  5 orc priests
  3 jellies
  4 sleepcaps
  3 iguanas (D:6)
  12 orc wizards
  6 hell rats (Lair:1)
  16 gnolls
  8 adders
  5 river rats (Lair:1)
  A shadow imp (D:6)
  A white imp (D:8)
  An ufetubus (D:6)
  2 worms
  A dart slug (D:1)
  29 orcs
  3 endoplasms
  11 giant cockroaches
  6 goblins
  7 hobgoblins
  2 jackals (D:2)
  8 quokkas
  7 ball pythons
  5 bats
  11 frilled lizards
  18 kobolds
  11 rats
325 creatures vanquished.

Vanquished Creatures (collateral kills)
  A sky beast (D:7)
  An adder (D:4)
  An ufetubus (D:6)
  2 orcs
  A kobold (D:4)
  A rat (D:2)
7 creatures vanquished.

Grand Total: 332 creatures vanquished

Notes
Turn   | Place    | Note
-------+----------+-------------------------------------------
     0 | D:1      | BigPumpCobain the Demonspawn Fighter began the quest for
                  | the Orb.
     0 | D:1      | Reached XP level 1. HP: 18/18 MP: 1/1
    36 | D:1      | Reached skill level 2 in Polearms
    62 | D:1      | Found a large runed translucent door.
    62 | D:1      | Found a large runed translucent door.
   172 | D:1      | Gained mutation: You have large cloven feet. [demonic
                  | ancestry]
   172 | D:1      | Reached XP level 2. HP: 23/24 MP: 2/2
  1211 | D:2      | Gained mutation: A weak demonic guardian rushes to your
                  | aid. [demonic ancestry]
  1211 | D:2      | Reached XP level 3. HP: 14/29 MP: 3/3
  1540 | D:2      | Reached XP level 4. HP: 35/35 MP: 4/4
  1614 | D:2      | Identified the +4 ring mail of Generosity {rC+}
  1721 | D:3      | Reached skill level 3 in Polearms
  1752 | D:2      | HP: 1/35 [gnoll/+0 flail (6)]
  1917 | D:3      | Noticed a scorpion
  1929 | D:3      | Killed a scorpion
  1930 | D:3      | Reached XP level 5. HP: 24/42 MP: 5/5
  1984 | D:3      | Found a snail-covered altar of Cheibriados.
  1986 | D:3      | Found a stormy altar of Qazlal.
  1987 | D:3      | Found a sparkling altar of Nemelex Xobeh.
  1993 | D:3      | Became a worshipper of Qazlal Stormbringer
  2286 | D:4      | Reached XP level 6. HP: 48/48 MP: 6/6
  2357 | D:4      | Noticed Grinder
  2366 | D:4      | Paralysed by Grinder for 5 turns
  2384 | D:4      | Killed Grinder
  2385 | D:4      | Reached skill level 4 in Polearms
  2483 | D:4      | Reached XP level 7. HP: 52/55 MP: 7/7
  3165 | D:5      | Entered Level 5 of the Dungeon
  3176 | D:5      | Reached * piety under Qazlal
  3196 | D:5      | Reached skill level 5 in Polearms
  3347 | D:5      | Reached skill level 5 in Fighting
  3433 | D:5      | Found a radiant altar of Vehumet.
  3433 | D:5      | Found a bloodstained altar of Trog.
  3765 | D:6      | Gained mutation: You have an unusually large brain. (Int
                  | +2) [demonic ancestry]
  3765 | D:6      | Reached XP level 8. HP: 50/62 MP: 8/8
  3837 | D:6      | Found a glowing drain.
  3873 | Sewer    | Entered a sewer
  3912 | Sewer    | Reached ** piety under Qazlal
  4068 | Sewer    | Reached skill level 6 in Polearms
  4414 | D:6      | Reached skill level 5 in Armour
  4552 | D:6      | Reached skill level 5 in Shields
  4567 | D:6      | Found a staircase to the Ecumenical Temple.
  4781 | D:6      | Found a shimmering altar of Xom.
  4781 | D:6      | Found a burning altar of Makhleb.
  5031 | D:7      | Found a basalt altar of Yredelemnul.
  5072 | D:7      | Reached skill level 7 in Polearms
  5127 | D:7      | Gained mutation: You have an extremely huge brain. (Int +4)
                  | [demonic ancestry]
  5127 | D:7      | Reached XP level 9. HP: 69/69 MP: 9/9
  5496 | D:7      | Noticed Pikel
  5515 | D:7      | Killed Pikel
  5781 | D:8      | Reached skill level 8 in Polearms
  5781 | D:8      | Reached *** piety under Qazlal
  5944 | D:8      | Reached XP level 10. HP: 79/79 MP: 10/10
  6158 | D:8      | Noticed a two-headed ogre
  6166 | D:8      | Noticed Jeremiah
  6167 | D:8      | Killed a two-headed ogre
  6197 | D:8      | Killed Jeremiah
  6198 | D:8      | Reached skill level 9 in Polearms
  6616 | D:9      | Reached **** piety under Qazlal
  6625 | D:9      | Noticed an elephant
  6642 | D:9      | Killed an elephant
  7456 | D:9      | Noticed Psyche
  7464 | D:9      | Killed Psyche
  7564 | D:9      | Reached skill level 10 in Polearms
  7585 | D:9      | Gained mutation: You have hoof-like feet. [demonic
                  | ancestry]
  7585 | D:9      | Reached XP level 11. HP: 68/86 MP: 11/11
  7873 | D:9      | Identified the +4 robe "Uppo" {Fly rElec rPois rCorr}
  7977 | D:9      | Found a staircase to the Lair.
  8112 | D:10     | Entered Level 10 of the Dungeon
  8112 | D:10     | Found a flagged portal.
  8225 | D:10     | Noticed Fannar
  8248 | D:10     | Reached ***** piety under Qazlal
  8251 | D:10     | Killed Fannar
  8252 | D:10     | Reached skill level 11 in Polearms
  8322 | D:10     | Found a staircase to the Orcish Mines.
  8348 | D:10     | Noticed a two-headed ogre
  8355 | D:10     | Reached skill level 1 in Invocations
  8361 | D:10     | Killed a two-headed ogre
  8466 | D:10     | Found a hazy altar of Hepliaklqana.
  8738 | Bailey   | Entered a bailey
  8803 | Bailey   | Noticed an orc knight
  8933 | Lair:1   | Entered Level 1 of the Lair of Beasts
  8979 | Lair:1   | Identified the +2 ring mail of Pan-Flutes {+Blink Fly MP+9
                  | Str-4}
  9085 | Lair:1   | Noticed a lindwurm
  9092 | Lair:1   | Killed a lindwurm
  9093 | Lair:1   | Reached XP level 12. HP: 95/95 MP: 14/14
  9143 | Lair:1   | Noticed Harold
  9153 | Lair:1   | Killed Harold
  9985 | Lair:2   | Reached skill level 12 in Polearms
 10122 | Lair:2   | Reached skill level 5 in Invocations
 10181 | Lair:2   | Noticed a death yak
 10184 | Lair:2   | Noticed a death yak
 10195 | Lair:2   | Mangled by a death yak

Illustrated notes

Levels and vault maps discovered:
D:1:      erik_arrival_cave_to_civilisation [erik_arrival_cave_to_temple],
          layout_basic
D:2:      layout_rooms, serial_park_tiny_pond
D:3:      layout_rooms, chequers_temple_overflow_statue_of_worship,
          chequers_decorated_corner
D:4:      layout_basic, uniq_grinder
D:5:      layout_cave_pools, nicolae_overflow_two_pavilions
D:6:      layout_basic, grunt_temple_overflow_champion_of_chaos,
          minmay_temple_entry_drinking_statues, portal_sewer_entry_f
D:7:      layout_loops_cross, mainiacjoe_overflow_concentric_impassable,
          uniq_pikel
D:8:      layout_loops_cross, uniq_jeremiah
D:9:      layout_basic, grunt_lair_entry_orc_guard_hut, nicolae_the_louvre,
          uniq_psyche
D:10:     layout_big_octagon, overflow_temple_1_default, orc_0_dummy,
          enter_bailey_2, minmay_stone_trees_medium, uniq_fannar
Lair:1:   layout_cave_pods, kennysheep_abandoned_house, uniq_harold
Lair:2:   layout_chaotic_city, basic_altar, grunt_forest_stairs_clearing,
          lemuel_fruit_fields

Skill      XL: |  1  2  3  4  5  6  7  8  9 10 11 12 |
---------------+-------------------------------------+-----
Polearms       | 2 3 4 5 7 8 10 11 12 | 12.3
Armour         | 3 4 5 6 7 8 9 |  9.1
Shields        | 3 4 5 6 7 8 9 |  9.0
Fighting       | 4 5 6 7 8 9 |  9.9
Invocations    | 3 5 |  5.2

Action                     |  1- 3 |  4- 6 |  7- 9 | 10-12 || total
---------------------------+-------+-------+-------+-------++-------
  Melee: Trident           |   115 |   148 |   488 |   580 ||  1331
         Kick              |    14 |    38 |   120 |   158 ||   330
 Invoke: Upheaval          |       |       |     1 |     4 ||     5
    Use: Scroll            |     4 |     4 |     2 |    13 ||    23
         Potion            |       |       |     1 |     6 ||     7
   Stab: Distracted        |       |       |       |     1 ||     1
 Armour: Scale mail        |    53 |    11 |       |       ||    64
         Ring mail         |       |    88 |   229 |   356 ||   673
  Dodge: Dodged            |    27 |    73 |   141 |   188 ||   429
  Block: Buckler           |    22 |    34 |   180 |   373 ||   609

Table legend: (Time is in decaauts)
 A = Elapsed time spent in this place.
 B = Non-inter-level travel time spent in this place.
 C = Inter-level travel time spent in this place.
 D = Time resting spent in this place.
 E = Time spent auto-exploring this place.
 F = Levels seen in this place.
 G = Mean time per level.
                   A        B        C        D        E       F      G
               +--------+--------+--------+--------+--------+-----+--------+
         Total |  10221 |   9862 |    359 |    886 |   6789 |  14 |  730.1 |
       Dungeon |   8354 |   8020 |    334 |    836 |   5492 |  10 |  835.4 |
          Lair |   1211 |   1187 |     24 |     50 |    894 |   2 |  605.5 |
         Sewer |    564 |    564 |      0 |      0 |    363 |   1 |  564.0 |
        Bailey |     91 |     91 |      0 |      0 |     40 |   1 |   91.0 |
               +--------+--------+--------+--------+--------+-----+--------+

Top non-repeatable levels by time:
     D:8: 1362 daAuts
     D:1: 1200 daAuts
  Lair:1: 1052 daAuts
     D:9: 950 daAuts
     D:4: 899 daAuts
     D:6: 858 daAuts
     D:7: 755 daAuts
    D:10: 684 daAuts
     D:2: 603 daAuts
   Sewer: 564 daAuts
     D:5: 526 daAuts
     D:3: 512 daAuts
  Lair:2: 158 daAuts
  Bailey: 91 daAuts
